Map: Ruinas de Endión

Players

xXkazperXx

  • Race: Zerg Zerg
  • League: Bronze

RANURA DE IA (Élite) - Winner!

  • Race: Zerg Zerg

VOD

Have the link to the VOD?

Description

Time

  • Played on: April 6, 2016, 1:05 a.m.
  • Length: 14:15
Show
View Real Time Build Order
Export as new Build Order

xXkazperXx Zerg 

Build Orders: Pool First 

Get SALT Encoding   

  12  0:01  Drone  
  13  0:10  Drone  
  14  0:18  Overlord  
  14  0:37  Spawning Pool  
  14  0:39  Drone  
  14  0:42  Drone  
  15  0:46  Drone  
  16  1:07  Drone x2  
  16  1:11  Extractor  
  17  1:15  Overlord  
  17  1:26  Queen  
  17  1:29  Zergling x2  
  20  1:41  Roach Warren  
  20  1:42  Drone  
  20  1:45  Drone  
  21  2:06  Hatchery  
  20  2:10  Drone  
  20  2:11  Drone  
  22  2:21  Lair  
  22  2:27  Roach  
  24  2:42  Extractor  
  25  2:51  Roach x3  
  25  2:57  Drone  
  30  3:00  Overlord  
  30  3:25  Drone  
  31  3:28  Zergling x2  
  31  3:29  Zergling x2  
  31  3:31  Drone x2  
  35  3:38  Metabolic Boost  
  35  3:47  Hydralisk Den  
  34  3:51  Drone x4  
  38  3:56  Drone x3  
  41  4:06  Zergling x2  
  42  4:20  Hydralisk  
  44  4:25  Overlord  
  44  4:44  Hydralisk x3  
  50  4:49  Drone x2  
  52  4:53  Overlord  
  52  5:11  Muscular Augments  
  52  5:13  Glial Reconstitution  
  52  5:19  Queen  
  54  5:23  Drone  
  54  5:24  Drone x5  
  60  5:32  Overlord  
  60  5:57  Extractor  
  59  5:59  Extractor  
  59  6:02  Spire  
  57  6:12  Drone x3  
  57  6:15  Drone x2  
  57  6:16  Drone  
  63  6:19  Hydralisk x2  
  67  6:36  Hatchery  
  66  6:55  Lurker Den  
  66  6:56  Hydralisk  
  68  7:02  Overlord  
  65  7:22  Zergling x14  
  61  7:25  Zergling x12  
  39  8:05  Roach x3  
  45  8:06  Hydralisk x3  
  45  8:10  Queen  
  53  8:33  Mutalisk x2  
  51  8:35  Mutalisk x2  
  57  8:42  Drone x3  
  57  8:44  Queen  
  62  9:06  Ravager  
  62  9:07  Ravager  
  64  9:10  Lurker  
  64  9:11  Lurker  
  64  9:16  Overseer  
  66  9:21  Mutalisk x2  
  66  9:22  Mutalisk x4  
  78  9:34  Spine Crawler  
  77  10:03  Pneumatized Carapace  
  77  10:20  Burrow  
  45  11:07  Mutalisk x3  
  51  11:16  Zergling x6  
  51  11:17  Zergling x6  
  57  11:42  Hydralisk  
  57  11:43  Hydralisk x2  
  59  11:57  Mutalisk  
  59  11:59  Mutalisk x2  
  65  12:02  Overlord  
  57  12:18  Lurker  
  56  13:13  Zergling x6  
  48  13:40  Spine Crawler  
  35  13:47  Spore Crawler  
  27  13:48  Spore Crawler  
  27  13:51  Spine Crawler x3  
  27  13:52  Spore Crawler  
  27  13:54  Spore Crawler x2  
  27  13:55  Spore Crawler  
  15  13:58  Spore Crawler  
  15  14:00  Spore Crawler  
  13  14:05  Spore Crawler  
Show
View Real Time Build Order
Export as new Build Order

RANURA DE IA (Élite) Zerg - Winner!

Build Orders: Pool First 

Get SALT Encoding   

  12  0:00  Drone  
  13  0:12  Overlord  
  13  0:17  Drone  
  14  0:30  Drone  
  15  0:39  Spawning Pool  
  15  0:41  Drone  
  15  0:45  Drone  
  17  0:50  Drone  
  17  0:53  Extractor  
  17  0:55  Drone  
  17  1:06  Drone  
  18  1:17  Drone  
  19  1:28  Queen  
  19  1:29  Zergling x2  
  19  1:30  Roach Warren  
  21  1:38  Overlord  
  21  1:49  Drone  
  22  1:59  Overlord  
  22  2:10  Roach  
  24  2:21  Roach  
  26  2:26  Hatchery  
  25  2:32  Drone  
  25  2:35  Roach x2  
  30  2:40  Roach  
  32  2:46  Roach  
  34  2:54  Overlord  
  34  3:00  Metabolic Boost  
  34  3:05  Zergling x2  
  34  3:07  Zergling x2  
  34  3:10  Zergling x2  
  37  3:14  Zergling x2  
  37  3:18  Zergling x2  
  39  3:29  Zergling x2  
  40  3:37  Overlord  
  40  3:38  Extractor  
  40  3:40  Lair  
  39  4:00  Drone  
  40  4:03  Drone  
  40  4:07  Drone  
  42  4:10  Drone  
  42  4:14  Drone  
  44  4:17  Drone  
  44  4:21  Drone  
  46  4:25  Drone  
  46  4:28  Drone  
  48  4:31  Drone  
  48  4:35  Drone  
  48  4:37  Drone  
  51  4:39  Hydralisk Den  
  51  4:40  Drone  
  51  4:43  Drone  
  52  4:49  Overlord  
  52  4:51  Drone  
  53  4:53  Drone  
  53  4:56  Drone  
  55  5:00  Drone  
  55  5:05  Drone  
  57  5:11  Drone  
  57  5:13  Drone, Hydralisk  
  57  5:14  Roach, Infestation Pit  
  63  5:20  Overlord  
  62  5:23  Hydralisk  
  64  5:32  Hydralisk  
  66  5:38  Drone, Roach, Extractor  
  67  5:43  Overlord  
  67  5:45  Drone x2, Roach  
  67  5:49  Drone  
  72  5:54  Drone  
  73  6:00  Infestor  
  73  6:01  Extractor  
  74  6:05  Drone  
  74  6:11  Overlord, Hatchery  
  74  6:15  Drone  
  74  6:16  Hydralisk, Infestor  
  74  6:17  Drone  
  80  6:23  Drone  
  81  6:26  Drone  
  81  6:27  Evolution Chamber  
  81  6:33  Drone  
  81  6:36  Overlord  
  82  6:44  Drone  
  83  6:48  Drone  
  83  6:49  Drone x2  
  83  6:51  Drone  
  83  6:53  Zerg Ground Armor Level 1  
  87  6:56  Drone  
  87  6:58  Drone, Evolution Chamber  
  88  7:05  Evolution Chamber  
  88  7:07  Drone  
  88  7:09  Overlord  
  88  7:11  Overseer  
  82  7:18  Zergling x2  
  82  7:20  Roach, Hydralisk, Zergling x2  
  82  7:21  Drone  
  87  7:22  Roach  
  87  7:23  Zerg Missile Weapons Level 1  
  87  7:29  Drone  
  82  7:30  Drone  
  82  7:31  Zerg Melee Weapons Level 1  
  82  7:33  Drone  
  84  7:39  Pneumatized Carapace  
  84  7:40  Drone  
  84  7:41  Drone  
  84  7:44  Drone  
  85  7:49  Ravager  
  82  7:51  Roach  
  82  7:52  Drone x2, Ravager, Spire  
  82  7:54  Drone  
  77  8:00  Drone, Roach  
  77  8:03  Drone, Roach  
  85  8:05  Roach  
  85  8:11  Extractor  
  84  8:13  Roach, Hydralisk  
  84  8:14  Extractor  
  84  8:16  Drone  
  88  8:23  Spine Crawler  
  88  8:24  Drone x3, Roach  
  88  8:25  Drone  
  88  8:27  Drone  
  94  8:35  Drone  
  94  8:36  Drone, Spine Crawler  
  94  8:37  Drone  
  94  8:39  Queen  
  94  8:40  Burrow  
  98  8:44  Queen  
  98  8:45  Overlord  
  98  8:47  Drone  
  98  8:48  Drone  
  102  8:54  Zerg Ground Armor Level 2  
  102  8:55  Drone, Infestor  
  102  8:56  Roach  
  102  9:00  Hatchery  
  106  9:04  Drone  
  106  9:06  Overlord, Mutalisk  
  106  9:08  Drone  
  106  9:09  Drone  
  111  9:11  Roach  
  113  9:18  Roach  
  113  9:19  Mutalisk  
  113  9:20  Mutalisk  
  113  9:23  Zerg Missile Weapons Level 2  
  119  9:26  Overlord, Mutalisk  
  119  9:29  Mutalisk  
  123  9:35  Mutalisk  
  123  9:36  Spore Crawler  
  124  9:38  Spore Crawler  
  124  9:40  Drone  
  124  9:42  Mutalisk  
  124  9:44  Overlord, Spine Crawler  
  124  9:45  Drone  
  126  9:48  Glial Reconstitution  
  126  9:49  Spine Crawler  
  126  9:51  Drone  
  126  9:54  Mutalisk  
  128  10:01  Zerg Flyer Weapons Level 1  
  128  10:07  Overlord, Mutalisk  
  128  10:12  Drone, Queen  
  128  10:13  Drone x4, Mutalisk  
  139  10:15  Roach  
  139  10:18  Hydralisk  
  143  10:25  Extractor  
  143  10:26  Drone, Overlord, Corruptor  
  143  10:28  Drone, Spore Crawler  
  145  10:31  Drone, Spore Crawler  
  145  10:32  Mutalisk  
  145  10:37  Corruptor  
  145  10:38  Zergling x2  
  145  10:46  Spine Crawler  
  145  10:48  Drone  
  145  10:50  Hive  
  145  10:52  Overlord  
  145  11:04  Drone, Extractor  
  145  11:17  Infestor  
  145  11:18  Spine Crawler  
  146  11:19  Drone  
  146  11:21  Drone, Spore Crawler  
  146  11:22  Spine Crawler  
  146  11:23  Drone  
  146  11:25  Infestor  
  147  11:26  Spore Crawler  
  147  11:27  Drone  
  147  11:33  Overlord, Infestor  
  147  11:36  Zergling x2  
  149  11:59  Drone, Hatchery, Spine Crawler  
  149  12:00  Drone  
  149  12:04  Spore Crawler  
  149  12:05  Drone  
  149  12:06  Ultralisk Cavern  
  149  12:07  Drone  
  149  12:09  Drone, Spine Crawler  
  149  12:12  Drone, Spore Crawler  
  149  12:23  Spine Crawler  
  149  12:24  Drone  
  149  12:25  Spine Crawler  
  149  12:26  Drone, Spine Crawler  
  149  12:28  Drone  
  142  12:46  Spine Crawler  
  142  12:47  Drone  
  142  12:55  Ultralisk x2  
  142  12:56  Overlord, Ultralisk x2, Overseer  
  142  12:57  Lair, Overseer  
  166  13:03  Spore Crawler  
  166  13:04  Drone  
  166  13:05  Spore Crawler  
  165  13:07  Drone  
  165  13:11  Queen  
  168  13:18  Overseer  
  168  13:19  Extractor  
  163  13:21  Drone  
  163  13:23  Drone, Spore Crawler  
  162  13:29  Overlord, Ultralisk, Spine Crawler  
  162  13:31  Hydralisk, Zergling x2  
  162  13:32  Drone, Infestor x2  
  164  13:45  Extractor  
  164  13:46  Drone  
  170  14:04  Hatchery  
  172  14:10  Spine Crawler  
Tags
 
Add a new tag
Caveats
  • Supply blocks, unpowered buildings, or Contaminate may cause inaccurate times.
  • Supply counts are checked every 10 seconds.